 Dungeon Crawl Stone Soup version 0.26-a0-1126-g3318b609a0 (webtiles) character file.

Game seed: 17400293056743496084

719 sahdkjhfkaj the Changer (level 7, -2/43 HPs)
             Began as an Octopode Transmuter on Dec 17, 2020.
             Was an Initiate of Elyvilon.
             Slain by kreisler's ghost (9 damage)
             ... on level 5 of the Dungeon.
             The game lasted 00:10:53 (7775 turns).

sahdkjhfkaj the Changer (Octopode Transmuter)       Turns: 7775, Time: 00:10:54

Health: -2/43      AC:  1    Str:  9    XL:     7   Next: 70%
Magic:  10/14      EV: 13    Int: 18    God:    Elyvilon [......]
Gold:   197        SH:  0    Dex: 12    Spells: 3/16 levels left

rFire    . . .     SeeInvis .     - Unarmed
rCold    . . .     Faith    .   (shield currently unavailable)
rNeg     . . .     Spirit   .   (helmet restricted)
rPois    .         Reflect  .   (no amulet)
rElec    .         Harm     .   (no ring)
rCorr    .         Rampage  .   (no ring)
Will     .....                  (no ring)
Stlth    +.........             (no ring)
HPRegen  0.14/turn              (no ring)
MPRegen  0.14/turn              (no ring)
                                (no ring)
                                (no ring)

@: brilliant, blade tentacles (expiring), glowing
A: almost no armour, stealthy swim, amphibious, 8 rings, constrict 8, camouflage
1, gelatinous body 1
a: End Transformation, Renounce Religion


You were on level 5 of the Dungeon.
You worshipped Elyvilon.
Elyvilon was noncommittal.
You had blades for tentacles.
You visited 2 branches of the dungeon, and saw 6 of its levels.

You collected 197 gold pieces.

Inventory:

Wands
 j - a wand of acid (13)
 s - a wand of digging (7)
Scrolls
 d - 3 scrolls of enchant weapon
 e - 4 scrolls of teleportation {!r}
 f - a scroll of enchant armour
 k - a scroll of fog
 l - a scroll of magic mapping
 n - a scroll of amnesia
 r - a scroll of blinking {unknown}
 u - a scroll of fear {unknown}
Potions
 a - a potion of might {unknown}
 b - 2 potions of magic {unknown}
 c - 3 potions of brilliance
 g - 2 potions of attraction {unknown}
 h - a potion of berserk rage {unknown}
 i - a potion of ambrosia {unknown}
 m - a potion of heal wounds {unknown}
 o - 2 potions of curing {unknown}
 p - a potion of cancellation {unknown}
 q - a potion of haste {unknown}
 t - 2 potions of flight {unknown}


   Skills:
 + Level 1.5 Fighting
 - Level 2.0 Dodging
 - Level 3.0 Unarmed Combat
 - Level 5.0 Spellcasting
 - Level 5.0 Transmutations
 - Level 5.0 Poison Magic


You had 3 spell levels left.
You knew the following spells:

 Your Spells              Type           Power        Failure   Level
a - Beastly Appendage     Tmut           66%          19%         1
A - Blade Hands           Tmut           16%          83%         5
F - Ice Form              Ice/Tmut       20%          83%         4
W - Spider Form           Tmut/Pois      16%          32%         3

Your spell library contained the following spells:

 Spells                   Type           Power        Failure   Level
 Wereblood                Tmut           33%          24%         2


Dungeon Overview and Level Annotations

Branches:
Dungeon (5/15)             Temple (1/1) D:5

Altars:
Ashenzari
Cheibriados
Dithmenos
Elyvilon
Fedhas
Kikubaaqudgha
Makhleb
Nemelex Xobeh
Okawaru
Qazlal
Sif Muna
Trog
Uskayaw
Wu Jian
Xom
Yredelemnul
Zin
The Shining One

Annotations:
D:1 exclusion: gnoll
D:3 exclusions: 2 orc priests and orc wizard
D:5 kreisler's ghost, novice GnAM


Innate Abilities, Weirdness & Mutations

You cannot wear most types of armour.
You are very stealthy in the water. (Stealth+)
You are amphibious.
You can wear up to eight rings at the same time.
You can use your tentacles to constrict eight enemies at once.
Your skin changes colour to match your surroundings (Stealth+).
Your rubbery body absorbs attacks. (AC +1, EV +1)


Message History

Kreisler's ghost is moderately damaged.
Kreisler's ghost hits you!
You slash kreisler's ghost!
Kreisler's ghost is heavily damaged.
Kreisler's ghost hits you!
You closely miss kreisler's ghost.
Kreisler's ghost is heavily damaged.
Kreisler's ghost hits you.
* * * LOW HITPOINT WARNING * * *
Unknown command.
Unknown command.
You closely miss kreisler's ghost.
Kreisler's ghost is heavily damaged.
Kreisler's ghost closely misses you.
Okay, then.
Okay, then.
It was a potion of brilliance.
You feel clever all of a sudden. Kreisler's ghost hits you!
You die...

#####.#.[...# #......#
......#####.# ##.###.#
##..........# #.# #.#
...#######..# #.# #.######
.### #..# #.# #......# .# #..#
#.# #.####.#### .# ### #..#
#.# #.#8##.##8# .###.## #..#
#.# #.##....#.#
Z.Z...####..####@###.##.....##
.###.###......ZW#.....#......#
.# #........####.#######...###
## #####.#.### ### #....#
#.#...## #8#...# #..###.##
###.### #.## ##.#########.#
#.# #...........# #######.##
##.###########


You could see kreisler's ghost and a quokka zombie.

Vanquished Creatures
  An ogre (D:5)
  A phantom (D:5)
  The ghost of ardl the Cudgeller, an amateur GrMo (D:3)
  A howler monkey (D:5)
  A bullfrog skeleton (D:5)
  2 hounds (D:4)
  A centaur skeleton (D:5)
  Jessica (D:2)
  2 iguanas
  2 worker ants (D:5)
  A hound zombie (D:5)
  Robin (D:2)
  4 adders
  A shadow imp (D:5)
  An adder skeleton (D:5)
  2 worms
  4 dart slugs (D:1)
  A leopard gecko (D:4)
  2 orcs (D:3)
  4 ball pythons
  9 bats
  5 giant cockroaches
  19 goblins
  6 hobgoblins
  8 jackals
  4 quokkas
  A ball python skeleton (D:4)
  5 frilled lizards
  A giant cockroach zombie (D:5)
  A jackal skeleton (D:4)
  8 kobolds
  6 rats
107 creatures vanquished.

Vanquished Creatures (others)
  23 plants (D:3)
23 creatures vanquished.

Grand Total: 130 creatures vanquished

Notes
Turn   | Place    | Note
-------+----------+-------------------------------------------
     0 | D:1      | sahdkjhfkaj the Octopode Transmuter began the quest for the
                  | Orb.
     0 | D:1      | Reached XP level 1. HP: 13/13 MP: 3/3
   100 | D:1      | Reached XP level 2. HP: 13/18 MP: 3/5
   759 | D:1      | Reached XP level 3. HP: 19/23 MP: 2/6
   767 | D:1      | Learned a level 3 spell: Spider Form
  2157 | D:2      | Reached skill level 1 in Poison Magic
  2230 | D:2      | Noticed Jessica
  2247 | D:2      | Killed Jessica
  2248 | D:2      | Reached XP level 4. HP: 18/28 MP: 2/8
  2901 | D:2      | Noticed Robin
  3277 | D:2      | Learned a level 4 spell: Ice Form
  3428 | D:2      | Killed Robin
  3722 | D:3      | Found a transporter.
  3725 | D:3      | Found a transporter.
  3726 | D:3      | Noticed ardl's ghost (amateur GrMo)
  4004 | D:3      | Reached XP level 5. HP: 14/33 MP: 5/9
  4911 | D:3      | Killed ardl's ghost
  5123 | D:4      | Reached XP level 6. HP: 27/38 MP: 8/11
  5226 | D:4      | Noticed an angel
  5227 | D:4      | Found a glowing silver altar of Zin.
  5227 | D:4      | Found a shimmering altar of Xom.
  5986 | D:5      | Entered Level 5 of the Dungeon
  5993 | D:5      | Learned a level 5 spell: Blade Hands
  6033 | D:5      | Found a basalt altar of Yredelemnul.
  6061 | D:5      | Noticed a phantom
  6077 | D:5      | Reached XP level 7. HP: 29/43 MP: 11/13
  6351 | D:5      | Reached skill level 5 in Transmutations
  6486 | D:5      | Found a staircase to the Ecumenical Temple.
  6536 | D:5      | Reached skill level 5 in Poison Magic
  6548 | Temple   | Entered the Ecumenical Temple
  6843 | Temple   | Became a worshipper of Elyvilon the Healer
  7085 | D:5      | Reached skill level 5 in Spellcasting
  7305 | D:5      | Found a snail-covered altar of Cheibriados.
  7405 | D:5      | Found a runed translucent gate.
  7405 | D:5      | Found a runed translucent gate.
  7405 | D:5      | Found a runed translucent gate.
  7410 | D:5      | Noticed kreisler's ghost (novice GnAM)
  7775 | D:5      | Slain by kreisler's ghost

Illustrated notes

Levels and vault maps discovered:
D:1:      tarquinn_simple_flora_water_f, layout_basic, serial_park_tiny_pond,
          minmay_misc_feat_doors
D:2:      layout_rooms, uniq_robin, uniq_jessica
D:3:      layout_basic, serial_bayou, serial_bayou_shore_a,
          serial_bayou_shore_b, serial_bayou_shore_b, serial_bayou_lake_a,
          gammafunk_ghost_arena, nicolae_underground_beach
D:4:      layout_basic, grunt_temple_overflow_order_and_chaos_1, serial_forest,
          infiniplex_forest_lined_room_2, infiniplex_forest_lined_3,
          infiniplex_forest_straight_4, infiniplex_forest_end_1,
          infiniplex_forest_end_1, infiniplex_forest_corner_2,
          infiniplex_forest_lined_corner
D:5:      layout_loops_ring, old_standard_altar, nicolae_overflow_crystal_walls,
          minmay_temple_entry_statues, lightli_ossuary_entry_decrepit_ruins,
          gammafunk_ghost_necromancy
Temple:   dpeg_chambers_temple

Skill      XL: |  1  2  3  4  5  6  7 |
---------------+----------------------+-----
Transmutations | 3 4 5 |  5.0
Poison Magic   | 1 2 3 4 5 |  5.0
Spellcasting   | 3 4 5 |  5.0
Fighting       | |  1.5
Dodging        | |  2.0
Unarmed Combat | |  3.0

Action                   |  1- 3 |  4- 6 |  7- 9 || total
-------------------------+-------+-------+-------++-------
Melee: Unarmed           |    75 |   170 |    75 ||   320
       Tentacles         |     5 |     3 |     3 ||    11
       Constrict         |    18 |     8 |     3 ||    29
       Kick              |    13 |     4 |     4 ||    21
       Punch             |     1 |       |       ||     1
 Cast: Beastly Appendage |    11 |     2 |     1 ||    14
       Spider Form       |     5 |    29 |     7 ||    41
       Ice Form          |       |     1 |     1 ||     2
       Blade Hands       |       |       |     2 ||     2
 Abil: End Transformatio |       |     1 |       ||     1
  Use: Scroll            |       |     5 |     1 ||     6
       Potion            |       |       |     1 ||     1
 Stab: Sleeping          |     3 |     2 |       ||     5
Armor: Skin              |     5 |    14 |     5 ||    24
Dodge: Dodged            |    66 |   135 |    55 ||   256

Table legend: (Time is in decaauts)
 A = Elapsed time spent in this place.
 B = Non-inter-level travel time spent in this place.
 C = Inter-level travel time spent in this place.
 D = Time resting spent in this place.
 E = Time spent auto-exploring this place.
 F = Levels seen in this place.
 G = Mean time per level.
                   A        B        C        D        E       F      G
               +--------+--------+--------+--------+--------+-----+--------+
         Total |   7761 |   7631 |    130 |   1483 |   5111 |   6 | 1293.5 |
       Dungeon |   7444 |   7350 |     94 |   1483 |   4833 |   5 | 1488.8 |
        Temple |    316 |    280 |     36 |      0 |    278 |   1 |  316.0 |
               +--------+--------+--------+--------+--------+-----+--------+

Top non-repeatable levels by time:
     D:1: 1891 daAuts
     D:2: 1823 daAuts
     D:3: 1326 daAuts
     D:5: 1211 daAuts
     D:4: 1192 daAuts
  Temple: 316 daAuts
